 Dungeon Crawl Stone Soup version 0.21-a0-584-g185da8e (console) character file.

174 teukkam the Fighter (level 5, -2/81 HPs)
             Began as a Gnoll Wanderer on Dec 19, 2017.
             Killed from afar by Ijyb (10 damage)
             ... with a wand of acid (1)
             ... on level 3 of the Dungeon on Dec 20, 2017.
             The game lasted 00:12:20 (1804 turns).

teukkam the Fighter (Gnoll Wanderer)                Turns: 1804, Time: 00:12:21

Health: -2/81      AC: 24    Str: 15    XL:     5   Next: 54%
Magic:  0/7        EV:  2    Int: 21    God:
Gold:   66         SH:  9    Dex: 13    Spells: 7/7 levels left

rFire    . . .     SeeInvis .   b - +0 hand axe
rCold    . . .     Gourm    .   c - +0 shield
rNeg     + + +     Faith    .   (armour currently unavailable)
rPois    +         Spirit   +   (helmet currently unavailable)
rElec    .         Reflect  .   (cloak currently unavailable)
rCorr    .         Harm     .   (gloves currently unavailable)
MR       .....     NoTele   +   (boots currently unavailable)
Stlth    ++........             v - amulet of guardian spirit
HPRegen  0.23/turn              w - +2 ring of protection
MPRegen  0.10/turn              (no ring)

@: brilliant, tree-form
A: distributed training, strong nose
a: no special abilities


You were on level 3 of the Dungeon.
You were not hungry.
You were a tree.
You visited 1 branch of the dungeon, and saw 3 of its levels.

You collected 66 gold pieces.

Inventory:

Hand Weapons
 a - a +0 hand crossbow
 b - a +0 hand axe (weapon)
 i - a +0 whip
 q - a -3 hunting sling
Missiles
 d - 39 bolts
 r - 80 stones (quivered)
Armour
 c - a +0 shield (worn)
 e - a +0 ring mail (melded)
 l - a +0 pair of gloves (melded)
 s - a +0 helmet (melded)
Jewellery
 v - an amulet of guardian spirit (around neck)
 w - a +2 ring of protection (left branch)
Wands
 j - a wand of flame (27)
 y - a wand of disintegration (14)
Scrolls
 g - a scroll of identify {unknown}
 k - a scroll of noise {unknown}
 m - a scroll of remove curse
 o - a scroll of blinking {unknown}
 t - a scroll of amnesia {unknown}
Potions
 n - 4 potions of haste
 p - a potion of brilliance
Comestibles
 f - 6 rations
 x - 2 chunks of flesh


   Skills:
 + Level 10.4 Fighting
 + Level 1.5 Short Blades
 + Level 1.5 Long Blades
 + Level 1.5 Axes
 + Level 1.5 Maces & Flails
 + Level 1.5 Polearms
 + Level 1.5 Staves
 + Level 1.5 Slings
 + Level 1.5 Bows
 + Level 3.0 Crossbows
 + Level 1.5 Throwing
 + Level 4.8 Armour
 + Level 1.5 Dodging
 + Level 1.5 Stealth
 + Level 4.8 Shields
 + Level 1.5 Unarmed Combat
 + Level 1.5 Spellcasting
 + Level 1.2 Conjurations
 + Level 1.2 Hexes
 + Level 1.2 Charms
 + Level 1.2 Summonings
 + Level 1.2 Necromancy
 + Level 1.2 Translocations
 + Level 1.2 Transmutations
 + Level 1.2 Fire Magic
 + Level 1.2 Ice Magic
 + Level 1.2 Air Magic
 + Level 1.2 Earth Magic
 + Level 1.2 Poison Magic
 + Level 1.7 Invocations
 + Level 1.5 Evocations


You had 7 spell levels left.
You didn't know any spells.

Dungeon Overview and Level Annotations

Branches:
Dungeon (3/15)

Altars:
Dithmenos

Annotations:
D:3 Ijyb


Innate Abilities, Weirdness & Mutations

Your experience applies equally to all skills.
((You have very sharp teeth.))
Your uncanny sense of smell can sniff out nearby items.


Message History

* * * LOW HITPOINT WARNING * * *
It was a potion of brilliance.
You feel clever all of a sudden. Ijyb barely misses you.
It was a potion of heal wounds.
You feel much better. Ijyb barely misses you.
You slash Ijyb!
Ijyb is heavily wounded.
You block Ijyb's attack.
You closely miss Ijyb.
Ijyb is heavily wounded.
Ijyb zaps a wand.
The bolt of acid hits you!
* * * LOW HITPOINT WARNING * * *
You are splashed with acid!
The acid burns!
* * * LOW HITPOINT WARNING * * *
You slash Ijyb!
Ijyb is almost dead.
You block Ijyb's attack.
Ijyb screams, "Die!"
Ijyb zaps a wand.
The bolt of acid hits you!
You die...

# # # #.........# #
#........(# #
#.......(.# #
#.........# #
#.....(...#
##########
#....(....#
.........##
#...g.....#
########..# #.#♣#
.####.....####.#.#
>...........##.#.#
#####.....#......##
###.#####.....#
###.#####.##...#
#####...#.....##.###
..##..###.#####..#
.....##...# #.##
....###.#######.###
......#.###.......#


You could see Ijyb.

Vanquished Creatures
  Natasha (twice) (D:2)
  Robin (D:2)
  4 adders
  An ooze (D:1)
  A worm (D:2)
  4 dart slugs
  A leopard gecko (D:3)
  2 orcs (D:3)
  3 bats
  3 giant cockroaches
  13 goblins
  9 hobgoblins
  2 jackals (D:1)
  6 kobolds
  A quokka (D:2)
  A ball python (D:3)
  A frilled lizard (D:3)
  4 rats
59 creatures vanquished.

Notes
Turn   | Place    | Note
-------+----------+-------------------------------------------
     0 | D:1      | Reached skill level 10 in Fighting
     0 | D:1      | teukkam the Gnoll Wanderer began the quest for the Orb.
     0 | D:1      | teukkam set off with: a +0 shield, a +0 ring mail, a +0 hand crossbow, 27 bolts, a ration
     0 | D:1      | Reached XP level 1. HP: 28/28 MP: 1/1
   115 | D:1      | Reached XP level 2. HP: 32/36 MP: 2/2
   171 | D:2      | Noticed Robin
   466 | D:1      | Reached XP level 3. HP: 42/42 MP: 3/3
   617 | D:2      | Upgraded the game from 0.21-a0-582-g1b93aee to 0.21-a0-584-g185da8e
   771 | D:2      | Reached skill level 1 in Invocations
   910 | D:2      | Reached skill level 1 in Short Blades
   910 | D:2      | Reached skill level 1 in Long Blades
   910 | D:2      | Reached skill level 1 in Axes
   910 | D:2      | Reached skill level 1 in Maces & Flails
   910 | D:2      | Reached skill level 1 in Polearms
   910 | D:2      | Reached skill level 1 in Staves
   910 | D:2      | Reached skill level 1 in Slings
   910 | D:2      | Reached skill level 1 in Bows
   910 | D:2      | Reached skill level 1 in Throwing
   910 | D:2      | Reached skill level 1 in Dodging
   910 | D:2      | Reached skill level 1 in Stealth
   910 | D:2      | Reached skill level 1 in Unarmed Combat
   910 | D:2      | Reached skill level 1 in Spellcasting
   910 | D:2      | Reached skill level 1 in Evocations
   911 | D:2      | Killed Robin
   911 | D:2      | Reached XP level 4. HP: 42/48 MP: 5/5
  1002 | D:2      | Noticed Natasha
  1013 | D:2      | Killed Natasha
  1013 | D:2      | Reached skill level 1 in Conjurations
  1013 | D:2      | Reached skill level 1 in Hexes
  1013 | D:2      | Reached skill level 1 in Charms
  1013 | D:2      | Reached skill level 1 in Summonings
  1013 | D:2      | Reached skill level 1 in Necromancy
  1013 | D:2      | Reached skill level 1 in Translocations
  1013 | D:2      | Reached skill level 1 in Transmutations
  1013 | D:2      | Reached skill level 1 in Fire Magic
  1013 | D:2      | Reached skill level 1 in Ice Magic
  1013 | D:2      | Reached skill level 1 in Air Magic
  1013 | D:2      | Reached skill level 1 in Earth Magic
  1013 | D:2      | Reached skill level 1 in Poison Magic
  1168 | D:2      | Noticed Natasha
  1175 | D:2      | Killed Natasha
  1175 | D:2      | Reached XP level 5. HP: 54/54 MP: 2/6
  1284 | D:2      | Found a shadowy altar of Dithmenos.
  1779 | D:3      | Noticed Ijyb
  1799 | D:3      | HP: 2/81 [acid (12)]
  1804 | D:3      | Killed from afar by Ijyb

Vault maps used:
D:1:      minmay_arrival_stair_chambers, grunt_decor_arrowhead, minivault_23
D:2:      first_ration, grunt_dithmenos_smoke, uniq_natasha, uniq_robin
D:3:      uniq_ijyb

Skill      XL: |  1  2  3  4  5 |
---------------+----------------+-----
Fighting       | | 10.4
Invocations    | 1 |  1.7
Short Blades   | 1 |  1.5
Long Blades    | 1 |  1.5
Axes           | 1 |  1.5
Maces & Flails | 1 |  1.5
Polearms       | 1 |  1.5
Staves         | 1 |  1.5
Slings         | 1 |  1.5
Bows           | 1 |  1.5
Throwing       | 1 |  1.5
Dodging        | 1 |  1.5
Stealth        | 1 |  1.5
Unarmed Combat | 1 |  1.5
Spellcasting   | 1 |  1.5
Evocations     | 1 |  1.5
Conjurations   | 1 |  1.2
Hexes          | 1 |  1.2
Charms         | 1 |  1.2
Summonings     | 1 |  1.2
Necromancy     | 1 |  1.2
Translocations | 1 |  1.2
Transmutations | 1 |  1.2
Fire Magic     | 1 |  1.2
Ice Magic      | 1 |  1.2
Air Magic      | 1 |  1.2
Earth Magic    | 1 |  1.2
Poison Magic   | 1 |  1.2
Crossbows      | 3 |  3.0
Armour         | |  4.8
Shields        | |  4.8

Action                   |  1- 3 |  4- 6 || total
-------------------------+-------+-------++-------
Melee: Whip              |     6 |       ||     6
       Hand axe          |    35 |    62 ||    97
       Bite              |     5 |     6 ||    11
 Fire: Hand crossbow     |    32 |    38 ||    70
  Use: Scroll            |       |     1 ||     1
       Potion            |       |     3 ||     3
  Eat: Chunk             |       |     3 ||     3
Armor: Ring mail         |    16 |    36 ||    52
       Skin              |       |     4 ||     4
Dodge: Dodged            |     7 |    34 ||    41
Block: Shield            |    26 |    36 ||    62

Table legend:
 A = Spawn XP
 B = Non-spawn XP
 C = Spawn XP percentage of total XP
 D = Spawn monster count
 E = Non-spawn monster count
 F = Spawn count percentage of total count
 G = Total turns spent on level
                    A         B        C        D         E        F      G
               +---------+---------+-------+---------+---------+-------+---------
         Total |       0 |     249 |   0.0 |       0 |      59 |   0.0 |  1804
               +---------+---------+-------+---------+---------+-------+---------
           D:1 |       0 |      33 |   0.0 |       0 |      15 |   0.0 |   497
           D:2 |       0 |     147 |   0.0 |       0 |      28 |   0.0 |   932
           D:3 |       0 |      69 |   0.0 |       0 |      16 |   0.0 |   375
               +---------+---------+-------+---------+---------+-------+---------
